 Dungeon Crawl Stone Soup version 0.22.1-1-ga44c0e56f4 (webtiles) character file.

116 Anathary the Covert (level 4, -2/33 HPs)
             Began as a Vampire Assassin on Sept 21, 2018.
             Slain by Crazy Yiuf
             ... wielding a +4 quarterstaff of chaos
              (6 damage)
             ... on level 2 of the Dungeon.
             The game lasted 00:13:14 (1992 turns).

Anathary the Covert (Vampire Assassin)              Turns: 1992, Time: 00:13:14

Health: -2/33      AC:  9    Str: 10    XL:     4   Next: 69%
Magic:  1/4        EV: 12    Int: 13    God:
Gold:   58         SH:  0    Dex: 16    Spells: 3/3 levels left

rFire    . . .     SeeInvis +   a - +2 dagger
rCold    . . .     Gourm    .   (no shield)
rNeg     + . .     Faith    .   c - +0 robe
rPois    .         Spirit   .   i - +2 hat
rElec    .         Reflect  .   d - +0 cloak
rCorr    .         Harm     .   m - +0 pair of gloves
MR       .....                  o - +2 pair of boots
Stlth    ++++......             (no amulet)
HPRegen  0.11/turn              (no ring)
MPRegen  0.09/turn              (no ring)

@: no status effects
A: fangs 3, see invisible, unbreathing
a: Bat Form


You were on level 2 of the Dungeon.
You were not thirsty.

You visited 1 branch of the dungeon, and saw 2 of its levels.

You collected 58 gold pieces.

Inventory:

Hand Weapons
 a - a +2 dagger (weapon)
 b - a +0 blowgun
Missiles
 e - 19 poisoned needles
 f - 2 curare-tipped needles
Armour
 c - a +0 robe (worn)
 d - a +0 cloak (worn)
 i - a +2 hat (worn)
 m - a +0 pair of gloves (worn)
 o - a +2 pair of boots (worn)
Jewellery
 h - a +2 ring of dexterity {unknown}
Wands
 r - a wand of iceblast (5)
Scrolls
 l - 2 scrolls of remove curse {unknown}
 n - a scroll of blinking {unknown}
 p - a scroll of fear {unknown}
 q - 2 scrolls of identify {unknown}
Potions
 g - 10 potions of blood
 j - a potion of magic {unknown}
 k - a potion of curing {unknown}
 s - a potion of cancellation {unknown}


   Skills:
 + Level 1.9 Fighting
 + Level 3.1 Short Blades
 - Level 1.5 Throwing
 + Level 1.7 Dodging
 * Level 8.3 Stealth


You had 3 spell levels left.
You didn't know any spells.
Your spell library was empty.

Dungeon Overview and Level Annotations

Branches:
Dungeon (2/15)

Altars:
Gozag

Annotations:
D:2 Crazy Yiuf


Innate Abilities, Weirdness & Mutations

You have razor-sharp teeth.
You have supernaturally acute eyesight. (SInv)
You can survive without breathing.


Message History

Crazy Yiuf says, "Snurf!"
Crazy Yiuf hits you with a quarterstaff of chaos!
You feel your power leaking away.
You closely miss Crazy Yiuf.
Crazy Yiuf is heavily wounded.
Crazy Yiuf hits you with a quarterstaff of chaos.
Crazy Yiuf freezes you.
You hit Crazy Yiuf.
Crazy Yiuf is severely wounded.
Crazy Yiuf hits you with a quarterstaff of chaos!
* * * LOW HITPOINT WARNING * * *
Crazy Yiuf freezes you.
* * * LOW HITPOINT WARNING * * *
You barely miss Crazy Yiuf.
Crazy Yiuf is severely wounded.
You hit Crazy Yiuf.
Crazy Yiuf is severely wounded.
Crazy Yiuf grits, "Proton!
Castle cloud rumpyflump."
Crazy Yiuf hits you with a quarterstaff of chaos.
You die...

#.# #..............#
#.###..............#
#..##..............#
#...+......#########
)...#......#
#...%......# #####
†.#........# #)..#
####..####'# #.g.#
#.....# #.# #.@.#
#.###.####.# ##'##
#÷..#..(...# #.##
#.####.##..# ##.#
.......##..# #.##
###.##..#..# ##.#
....###.#..# ##.##
###.###.#..# ##)..#
..###......# #..).#


You could see Crazy Yiuf.

Vanquished Creatures
  Terence (D:2)
  A gnoll (D:1)
  4 adders (D:2)
  A dart slug (D:2)
  A leopard gecko (D:2)
  3 giant cockroaches
  2 goblins (D:1)
  6 hobgoblins
  5 jackals
  2 quokkas (D:2)
  3 ball pythons
  3 bats
  2 frilled lizards
  3 kobolds
  7 rats
44 creatures vanquished.

Notes
Turn   | Place    | Note
-------+----------+-------------------------------------------
     0 | D:1      | Anathary the Vampire Assassin began the quest for the Orb.
     0 | D:1      | Reached XP level 1. HP: 16/16 MP: 1/1
    45 | D:1      | Reached skill level 6 in Stealth
   333 | D:1      | Reached skill level 7 in Stealth
   333 | D:1      | Reached XP level 2. HP: 14/22 MP: 2/2
   941 | D:1      | Reached XP level 3. HP: 27/27 MP: 3/3
  1587 | D:2      | Noticed Terence
  1595 | D:2      | Killed Terence
  1595 | D:2      | Reached XP level 4. HP: 33/33 MP: 4/4
  1643 | D:2      | Reached skill level 8 in Stealth
  1706 | D:2      | Found an opulent altar of Gozag.
  1977 | D:2      | Found a runed door.
  1981 | D:2      | Noticed Crazy Yiuf
  1992 | D:2      | Slain by Crazy Yiuf

Skill      XL: |  1  2  3  4 |
---------------+-------------+-----
Stealth        | 7 8 |  8.3
Short Blades   | 3 |  3.1
Fighting       | |  1.9
Throwing       | |  1.5
Dodging        | |  1.7

Action                   |  1- 3 |  4- 6 || total
-------------------------+-------+-------++-------
Melee: Dagger            |   100 |    49 ||   149
       Bite              |     7 |     5 ||    12
  Use: Potion            |     1 |     1 ||     2
 Stab: Sleeping          |    10 |     3 ||    13
  Eat: Corpse            |     3 |     1 ||     4
Armor: Robe              |    42 |    30 ||    72
Dodge: Dodged            |    67 |    55 ||   122
